 Dungeon Crawl Stone Soup version 0.30.0-30-g96aa6591b8 (webtiles) character file.

Game seed: 17024885202893802950

264 AgateBread the Stinger (level 6, 0/78 HPs)
             Began as a Hill Orc Venom Mage on July 1, 2023.
             Slain by an adder (1 damage)
             ... on level 4 of the Dungeon.
             The game lasted 00:17:09 (5218 turns).

AgateBread the Stinger (Hill Orc Venom Mage)        Turns: 5218, Time: 00:17:10

Health: 0/78       AC: 10    Str: 11    XL:     6   Next: 19%
Magic:  3/8        EV: 12    Int: 17    God:
Gold:   70         SH:  0    Dex: 11    Spells: 1/8 levels left

rFire   . . .        A - +2 rapier (protect)
rCold   . . .        (no shield)
rNeg    . . .        a - +0 robe
rPois   .            e - +0 helmet
rElec   .            (no cloak)
rCorr   .            (no gloves)
SInv    .            (no boots)
Will    .....        (no amulet) Stlth
                     (no ring)
HPRegen 0.33/turn    (no ring)
MPRegen 0.11/turn

%: no passive effects
@: berserking, under a protective aura, very quick
A: no striking features
a: no special abilities


You were on level 4 of the Dungeon.
You visited 1 branch of the dungeon, and saw 4 of its levels.

You collected 121 gold pieces.
You spent 51 gold pieces at shops.

Inventory:

Hand Weapons
 c - a +0 rapier
 g - a +0 war axe
 i - a +0 short sword
 p - a +2 dagger of venom
 A - a +2 rapier of protection (weapon)
 B - a +4 dagger
 C - a +0 falchion
Missiles
 d - 6 poisoned darts
Armour
 a - a +0 robe (worn)
 e - a +0 helmet (worn)
 k - a +0 ring mail
 v - a +0 leather armour
Scrolls
 n - a scroll of silence {unknown}
 o - a scroll of vulnerability {unknown}
 q - a scroll of magic mapping {unknown}
 r - a scroll of amnesia {unknown}
 s - a scroll of blinking {unknown}
 w - a scroll of poison {unknown}
 y - a scroll of fear {unknown}
 z - 2 scrolls of teleportation {unknown}
 D - 2 scrolls of immolation {unknown}
Potions
 b - 3 potions of magic
 f - a potion of attraction
 h - 2 potions of flight
 j - a potion of haste {unknown}
 l - 2 potions of curing
 m - a potion of berserk rage
 t - a potion of heal wounds {unknown}
 u - a potion of degeneration {unknown}
 x - a potion of mutation {unknown}


   Skills:
 + Level 3.9 Fighting
 + Level 3.5 Armour
 - Level 1.5 Dodging
 - Level 1.5 Stealth
 - Level 1.5 Spellcasting
 - Level 0.6 Transmutations
 + Level 4.1 Poison Magic


You had one spell level left.
You knew the following spells:

 Your Spells              Type           Power      Damage    Failure   Level
a - Sting                 Tmut/Pois      36%        1d4       8%          1
b - Poisonous Vapours     Pois/Air       16%        N/A       13%         2
c - Olgreb's Toxic Radia  Pois           15%        N/A       36%         4

Your spell library contained the following spells:

 Spells                   Type           Power      Damage    Failure   Level
 Sublimation of Blood     Necr           1%         N/A       30%         2
 Mephitic Cloud           Conj/Pois/Air  6%         N/A       34%         3
 Vhi's Electric Charge    Tloc/Air       2%         N/A       52%         3
 Petrify                  Tmut/Erth      2%         N/A       87%         4
 Passage of Golubria      Tloc           1%         N/A       90%         4
 Arcjolt                  Conj/Air       0%         1d10      99%         5
 Irradiate                Conj/Tmut      1%         3d12      99%         5
 Silence                  Hex/Air        0%         N/A       99%         5
 Plasma Beam              Fire/Air       0%         2x1d11    100%        6
 Lehudib's Crystal Spear  Conj/Erth      0%         10d2      100%        8


Dungeon Overview and Level Annotations

Branches:
Dungeon (4/15)
 Temple: D:4-7

Altars:

Shops:
D:4 (

Annotations:
D:4 Blork the orc


Message History

Blork the orc is lightly wounded.
You feel sick.
Blork the orc hits you with a +0 long sword.
The adder bites you but does no damage. Blork the orc barely misses you.
You closely miss Blork the orc.
Blork the orc is lightly wounded.
You feel sick. The adder bites you. Blork the orc barely misses you.
The adder bites you.
Blork the orc hits you with a +0 long sword!
Your magical contamination has completely faded away.
You closely miss Blork the orc.
Blork the orc is lightly wounded.
You feel sick.
You are no longer poisoned.
Blork the orc casts a spell at you. The puff of flame hits you!
* * * LOW HITPOINT WARNING * * *
The adder barely misses you. x2
Blork the orc hits you with a +0 long sword.
* * * LOW HITPOINT WARNING * * *
Okay, then.
Okay, then.
A red film seems to cover your vision as you go berserk!
You feel yourself moving faster!
You feel mighty!
Blork the orc gestures at you while chanting.
The puff of frost hits you.
* * * LOW HITPOINT WARNING * * *
The adder barely misses you.
You puncture Blork the orc!
Your weapon exudes an aura of protection.
Blork the orc is moderately wounded.
Blork the orc hits you with a +0 long sword.
* * * LOW HITPOINT WARNING * * *
The adder bites you but does no damage.
You hit the adder but do no damage.
The adder is almost dead.
Blork the orc hits you with a +0 long sword.
* * * LOW HITPOINT WARNING * * *
The adder bites you.
You die...

##'## #.##.# #.
#.# #.##.# #.
#.# #..... ..
##.#######
##.........#
#.....####.#
##...##.....
#.####.##...#
#......@o...#
######..S..(..#
#.######## #.#
#.# #.# #.# #.


You could see Blork the orc (fast) and an adder (poisoned).

Vanquished Creatures
  A phantom (D:4)
  A jelly (D:4)
  An orc wizard (D:4)
  5 adders
  A worm (D:4)
  2 dart slugs
  3 orcs
  9 endoplasms
  5 giant cockroaches
  7 goblins
  11 hobgoblins
  4 jackals (D:2)
  6 kobolds
  A quokka (D:1)
  8 ball pythons
  5 bats
  2 frilled lizards
  9 rats
81 creatures vanquished.

Notes
Turn   | Place    | Note
-------+----------+-------------------------------------------
     0 | D:1      | AgateBread the Hill Orc Venom Mage began the quest for the
                  | Orb.
     0 | D:1      | Reached XP level 1. HP: 14/14 MP: 3/3
   460 | D:1      | Reached skill level 1 in Armour
   460 | D:1      | Reached XP level 2. HP: 22/22 MP: 1/4
   462 | D:1      | Reached skill level 1 in Fighting
  1005 | D:1      | Reached skill level 3 in Poison Magic
  1109 | D:1      | Reached XP level 3. HP: 25/28 MP: 1/5
  1128 | D:1      | Learned a level 2 spell: Poisonous Vapours
  2443 | D:2      | Reached XP level 4. HP: 36/36 MP: 1/6
  3151 | D:2      | Found a faded altar of an unknown god.
  4546 | D:4      | Noticed a phantom
  4563 | D:4      | Killed a phantom
  4564 | D:4      | Reached XP level 5. HP: 41/45 MP: 7/7
  4583 | D:4      | Found Vosits's Antique Weapon Boutique.
  4609 | D:4      | Reached skill level 4 in Poison Magic
  4760 | D:4      | Reached XP level 6. HP: 47/52 MP: 5/8
  4761 | D:4      | Bought a falchion for 51 gold pieces
  5078 | D:4      | Learned a level 4 spell: Olgreb's Toxic Radiance
  5205 | D:4      | Noticed Blork the orc
  5217 | D:4      | HP: 2/78 [Blork the orc/+0 long sword (4)]
  5218 | D:4      | Slain by an adder

Illustrated notes

Levels and vault maps discovered:
D:1:      tarquinn_simple_flora_water_b, layout_rooms
D:2:      layout_loops_corners, dreamdust_ecumenical_altar_statues,
          kennysheep_generic_room_13
D:3:      layout_loops_ring, st_stairs_8
D:4:      layout_loops_corners, serial_shops, shop, uniq_blork_the_orc,
          uniq_edmund

Skill      XL: |  1  2  3  4  5 |
---------------+----------------+-----
Armour         | 1 2 3 |  3.5
Fighting       | 1 2 3 |  3.9
Poison Magic   | 3 4 |  4.1
Dodging        | |  1.5
Stealth        | |  1.5
Spellcasting   | |  1.5
Transmutations | |  0.6

Action                     |  1- 3 |  4- 6 || total
---------------------------+-------+-------++-------
  Melee: Rapier            |    29 |    22 ||    51
         Short sword       |    23 |       ||    23
         Dagger            |    24 |    73 ||    97
         Punch             |     1 |     1 ||     2
   Cast: Sting             |    36 |     1 ||    37
         Poisonous Vapours |     8 |    34 ||    42
    Use: Scroll            |       |     4 ||     4
         Potion            |       |     1 ||     1
 Armour: Robe              |    19 |    34 ||    53
  Dodge: Dodged            |    50 |    85 ||   135
